 Dungeon Crawl Stone Soup version 0.31-a0-691-g409c26aa35 (webtiles) character file.

Game seed: 7432342027447403556

247 Ofeo the Sneak (level 5, 0/35 HPs)
             Began as a Demonspawn Wanderer on Sept 7, 2023.
             Was a Follower of Uskayaw.
             Killed from afar by a white imp (14 damage)
             ... with a puff of frost
             ... on level 4 of the Dungeon.
             The game lasted 00:08:44 (4633 turns).

Ofeo the Sneak (Demonspawn Wanderer)                Turns: 4633, Time: 00:08:45

Health: 0/35       AC:  4    Str: 11      XL:     5   Next: 85%
Magic:  3/8        EV: 11    Int: 19 (20) God:    Uskayaw [*.....]
Gold:   231        SH:  0    Dex:  8 (9)  Spells: 3/8 levels left

rFire   . . .        a - +2 dagger (venom)
rCold   . . .        (no shield)
rNeg    . . .        c - +0 robe
rPois   .            (no helmet)
rElec   .            i - +0 cloak
rCorr   .            (no gloves)
SInv    .            d - +0 pair of boots
Will    .....        (no amulet)
Stlth   ++           (no ring)
HPRegen 0.25/turn    (no ring)
MPRegen 0.11/turn

%: no passive effects
@: no status effects
A: sturdy frame 1, demonic magic 2
a: Renounce Religion, Stomp


You were on level 4 of the Dungeon.
You worshipped Uskayaw.
Uskayaw was noncommittal.
You visited 2 branches of the dungeon, and saw 5 of its levels.

You collected 231 gold pieces.

Inventory:

Hand Weapons
 a - a +2 dagger of venom (weapon)
 n - a +2 dagger of speed
Armour
 c - a +0 robe (worn)
 d - a +0 pair of boots (worn)
 g - the +4 ring mail "Syub" {Drain rC+++ MP-9 Dex+8}
   (You found it on level 2 of the Dungeon)

   Dex+8:     It affects your dexterity (+8).
   rC+++:     It renders you almost immune to cold.
   MP-9:      It affects your magic capacity (-9).
   Drain:     It drains your maximum health when unequipped.
 i - a +0 cloak (worn)
Magical Staves
 b - a staff of death
Wands
 k - a wand of polymorph (9)
 l - a wand of digging (1) {@v1}
Scrolls
 e - 3 scrolls of enchant armour
 f - a scroll of brand weapon
 m - a scroll of fear
 o - a scroll of teleportation {@r3}
 p - a scroll of immolation {unknown}
Potions
 h - a potion of magic
 j - 2 potions of attraction
 q - 2 potions of curing {@q1}
 I - 2 potions of invisibility


   Skills:
 + Level 1.8 Short Blades
 - Level 1.4 Throwing
 + Level 4.2 Stealth
 - Level 2.2 Spellcasting
 - Level 1.4 Translocations
 + Level 3.3 Earth Magic
 - Level 1.6 Evocations


You had 3 spell levels left.
You knew the following spells:

 Your Spells              Type           Power      Damage    Failure   Level
a - Sandblast             Erth           30%        2d9       4%          1
b - Blink                 Tloc           14%        N/A       14%         2
c - Passwall              Tmut/Erth      6%         N/A       12%         2

Your spell library contained the following spells:

 Spells                   Type           Power      Damage    Failure   Level
 Lesser Beckoning         Tloc           14%        N/A       14%         2
 Magic Dart               Conj           8%         1d3       17%         1
 Cigotuvi's Dreadful Rot  Necr/Pois/Air  4%         N/A       26%         2
 Searing Ray              Conj           4%         2d4       26%         2
 Gell's Gravitas          Tloc           7%         N/A       26%         3
 Teleport Other           Tloc           7%         N/A       26%         3
 Animate Armour           Summ/Erth      16%        N/A       63%         4
 Petrify                  Tmut/Erth      8%         N/A       63%         4
 Lee's Rapid Deconstruct  Erth           7%         3d7*      75%         5
 Dispel Undead            Necr           2%         3d7       86%         4
 Fulminant Prism          Conj/Hex       1%         3d5       86%         4
 Summon Lightning Spire   Summ/Air       2%         N/A       86%         4
 Death Channel            Necr           1%         N/A       100%        6
 Dispersal                Tloc           3%         N/A       100%        6


Dungeon Overview and Level Annotations

Branches:
Dungeon (4/15)             Temple (1/1) D:4

Altars:
Cheibriados
Dithmenos
Fedhas
Gozag
Hepliaklqana
Kikubaaqudgha
Okawaru
Qazlal
Ru
Sif Muna
Trog
Uskayaw
Vehumet
Wu Jian
Yredelemnul

Annotations:
Temple 2 transporters


Innate Abilities, Weirdness & Mutations

Your movements are slightly less encumbered by armour. (ER -2)
Spells you cast may paralyse nearby enemies.


Message History

You take 10 damage, and have 15/35 hp.
MASSIVE DAMAGE!!
The white imp gestures at you.
The puff of frost hits something!
Reactivating autopickup.
You feel a bit more experienced.
You feel your intelligence returning.
You hit the orc but do no damage.
The orc is poisoned.
The orc is moderately wounded.
You closely miss the orc.
The orc is moderately wounded.
The orc completely misses you. The hound misses you.
You barely miss the orc.
The orc is moderately wounded.
The orc hits you with a +0 whip. The hound barely misses you.
You take 1 damage, and have 15/35 hp.
You barely miss the orc.
The orc is heavily wounded.
The hound bites you but does no damage. The orc closely misses you.
The hound closely misses you.
The white imp shouts, "Quit, thou frothy roguish bladder!"
You can no longer pass through a line of other dancers.
You hit the orc but do no damage.
The orc looks as sick as possible!
The orc is almost dead.
You kill the orc!
The hound bites you but does no damage.
You are too injured to fight recklessly!
Casting: Sandblast (safe; 4% risk of failure)
Confirm with . or Enter, or press ? or * to list all spells.
Aiming: Sandblast (safe; 4% risk of failure)
Press: ? - help, Shift-Dir - straight line, f - hound
Aim: a hound (75% to hit)
The blast of sand hits the hound.
The hound is lightly wounded.
Malevolent energies surge around you.
The white imp suddenly stops moving!
The hound bites you. The hound closely misses you.
You take 2 damage, and have 14/35 hp.
You now have 3/8 mp.
The white imp is no longer paralysed.
The white imp gestures at you. The puff of frost hits you!
You die...

## .# ## ..... .## ####
..... ..####..## ##
...... ..##.....#####.#
...... ..#.†....#...#.##
#.....#
................##......#
.......#...#...h@5)....#
#.#....##......##))##..#
#...#...#...............#
#...##...................
..............$..........
..............###........
..............# #........
..............# .........
.<.......................


You could see a hound and a white imp.

Vanquished Creatures
  A hound (D:4)
  A jelly (D:4)
  Crazy Yiuf (D:3)
  Robin (D:3)
  4 adders
  2 worms
  A dart slug (D:2)
  6 orcs
  2 bats (D:3)
  8 endoplasms
  A giant cockroach (D:2)
  14 goblins
  8 hobgoblins
  3 jackals (D:3)
  2 quokkas
  8 ball pythons
  5 frilled lizards
  5 kobolds
  7 rats
80 creatures vanquished.

Vanquished Creatures (others)
  An orc wizard (D:4)
1 creature vanquished.

Grand Total: 81 creatures vanquished

Notes
Turn   | Place    | Note
-------+----------+-------------------------------------------
     0 | D:1      | Ofeo the Demonspawn Wanderer began the quest for the Orb.
     0 | D:1      | Ofeo set off with the following items: a +0 club, a scroll
                  | of fear, a +0 robe, a +0 pair of boots; and the following
                  | spell memorised: Sandblast; and the following spells
                  | available to memorise: Blink, Lesser Beckoning, Passwall,
                  | Petrify.
     0 | D:1      | Reached XP level 1. HP: 13/13 MP: 3/3
   270 | D:1      | Gained mutation: Spells you cast may paralyse adjacent
                  | enemies. [demonic ancestry]
   270 | D:1      | Reached XP level 2. HP: 16/19 MP: 1/5
  1633 | D:2      | Learned a level 2 spell: Blink
  1636 | D:2      | Learned a level 2 spell: Passwall
  1642 | D:2      | Identified the +4 ring mail "Syub" {Drain rC+++ MP-9 Dex+8}
  1913 | D:2      | Gained mutation: Spells you cast may paralyse nearby
                  | enemies. [demonic ancestry]
  1913 | D:2      | Reached XP level 3. HP: 24/24 MP: 3/6
  2107 | D:2      | Reached skill level 3 in Stealth
  2382 | D:3      | Found an opulent altar of Gozag.
  2800 | D:3      | Found a hazy altar of Hepliaklqana.
  3047 | D:3      | Noticed Robin
  3053 | D:3      | Gained mutation: Your movements are slightly less
                  | encumbered by armour. (ER -2) [demonic ancestry]
  3053 | D:3      | Reached XP level 4. HP: 23/30 MP: 7/7
  3070 | D:3      | Killed Robin
  3575 | D:3      | Found an ornate altar of the Wu Jian Council.
  3734 | D:3      | Found a runed translucent door.
  3735 | D:3      | Noticed Crazy Yiuf
  3870 | D:3      | Found a stormy altar of Qazlal.
  4093 | D:3      | Killed Crazy Yiuf
  4094 | D:3      | Reached skill level 1 in Short Blades
  4094 | D:3      | Reached XP level 5. HP: 20/35 MP: 8/8
  4282 | D:4      | Found a sacrificial altar of Ru.
  4288 | D:4      | Reached skill level 4 in Stealth
  4294 | D:4      | Identified the +5 hand axe "Toareb" {flame, rPois Dex+3}
  4361 | D:4      | Found a staircase to the Ecumenical Temple.
  4381 | Temple   | Found a transporter.
  4381 | Temple   | Found a transporter.
  4381 | Temple   | Found a transporter.
  4381 | Temple   | Found a transporter.
  4381 | Temple   | Entered the Ecumenical Temple
  4425 | Temple   | Became a worshipper of Uskayaw the Reveller
  4519 | D:4      | Reached * piety under Uskayaw
  4521 | D:4      | Reached ** piety under Uskayaw
  4633 | D:4      | Killed from afar by a white imp

Illustrated notes

Levels and vault maps discovered:
D:1:      zelgadis_glass_arrival_small, layout_basic, bh_walls_and_bars
D:2:      layout_basic, minivault_5, small_statue_intersection,
          grunt_decor_one_mirror
D:3:      kb_forest_paths, layout_loops_corners,
          pdpol_temple_overflow_zin_treasury_gozag_greed,
          nicolae_wu_jian_immortal_techniques,
          mainiacjoe_overflow_six_doors_small, nzn_hepliaklqana_mist_gate,
          serial_bayou_crossing, uniq_crazy_yiuf_cottage, uniq_robin
D:4:      layout_cave_pools, nicolae_ru_awakened_eye,
          minmay_temple_entry_overgrown
Temple:   hellmonk_temple_divided_pantheon

Skill      XL: |  1  2  3  4  5 |
---------------+----------------+-----
Earth Magic    | 2 3 |  3.3
Stealth        | 3 4 |  4.2
Short Blades   | 1 |  1.8
Throwing       | |  1.4
Spellcasting   | |  2.2
Translocations | |  1.4
Evocations     | |  1.6

Action                     |  1- 3 |  4- 6 || total
---------------------------+-------+-------++-------
  Melee: Dagger            |    29 |    46 ||    75
         Punch             |     1 |       ||     1
         Unarmed           |       |     6 ||     6
   Cast: Sandblast         |    59 |    28 ||    87
    Use: Scroll            |     9 |     2 ||    11
         Potion            |       |     3 ||     3
   Stab: Sleeping          |     4 |     4 ||     8
         Paralysed         |     9 |     7 ||    16
 Armour: Robe              |    16 |    40 ||    56
         Skin              |       |     3 ||     3
  Dodge: Dodged            |    21 |    26 ||    47

Table legend: (Time is in decaauts)
 A = Elapsed time spent in this place.
 B = Non-inter-level travel time spent in this place.
 C = Inter-level travel time spent in this place.
 D = Time resting spent in this place.
 E = Time spent auto-exploring this place.
 F = Levels seen in this place.
 G = Mean time per level.
                   A        B        C        D        E       F      G
               +--------+--------+--------+--------+--------+-----+--------+
         Total |   4688 |   4519 |    169 |    116 |   3773 |   5 |  937.6 |
       Dungeon |   4624 |   4455 |    169 |    116 |   3773 |   4 | 1156.0 |
        Temple |     64 |     64 |      0 |      0 |      0 |   1 |   64.0 |
               +--------+--------+--------+--------+--------+-----+--------+

Top non-repeatable levels by time:
     D:3: 1977 daAuts
     D:1: 1468 daAuts
     D:2: 840 daAuts
     D:4: 337 daAuts
  Temple: 64 daAuts
